Map: Deathaura LE

Players

HellraiseR

  • Race: Protoss Protoss
  • League: Grandmaster
  • Spawn Location: 5:00

GOStephano (Stephano) - Winner!

  • Race: Zerg Zerg
  • League: Grandmaster
  • Spawn Location: 11:00

Event: DreamHack SC2 Masters 2020 Summer Europe

VOD

Have the link to the VOD?

Description

Time

  • Played on: July 2, 2020, 10:21 a.m.
  • Length: 12:07

All games in this series

Show
View Real Time Build Order
Export as new Build Order

HellraiseR Protoss 

Build Orders: 1 Gate Expand, Oracle Opening 

Get SALT Encoding   

  12  0:00  Probe  
  13  0:13  Probe  
  14  0:18  Pylon  
  14  0:24  Probe  
  15  0:32  Probe  
  15  0:39  Gateway  
  15  0:40  Probe  
  16  0:47  Assimilator  
  17  0:52  Probe  
  18  1:04  Probe  
  19  1:16  Probe  
  20  1:25  Nexus  
  20  1:36  Cybernetics Core  
  20  1:38  Probe  
  21  1:46  Assimilator  
  21  1:50  Probe  
  21  1:53  Pylon  
  22  2:01  Probe  
  22  2:03  Adept  
  23  2:09  Probe  
  26  2:17  Stargate, Probe  
  27  2:24  Warp Gate  
  27  2:28  Probe  
  28  2:33  Stalker, Probe  
  31  2:40  Probe  
  31  2:41  Probe  
  32  2:51  Probe  
  33  2:52  Oracle, Probe  
  35  3:03  Probe  
  35  3:05  Probe  
  40  3:11  Pylon  
  40  3:14  Adept  
  40  3:15  Probe  
  40  3:17  Probe  
  44  3:24  Oracle  
  44  3:27  Probe  
  44  3:29  Probe  
  49  3:38  Gateway  
  49  3:39  Probe  
  49  3:41  Probe  
  51  3:43  Assimilator  
  51  3:44  Pylon  
  51  3:46  Assimilator  
  51  3:51  Probe  
  51  3:53  Probe  
  53  3:57  Twilight Council  
  53  4:04  Gateway  
  53  4:07  Gateway, Probe  
  54  4:15  Oracle  
  54  4:16  Probe  
  58  4:19  Probe  
  58  4:20  Resonating Glaives  
  58  4:21  Pylon  
  59  4:34  Probe x2  
  59  4:37  Adept  
  60  4:38  Adept  
  62  4:46  Probe  
  63  4:57  Probe  
  63  4:58  Probe  
  62  5:00  Adept x3  
  68  5:10  Adept  
  68  5:12  Nexus  
  68  5:13  Pylon  
  69  5:14  Probe  
  69  5:20  Adept  
  70  5:24  Pylon, Robotics Facility  
  70  5:26  Pylon  
  70  5:33  Adept x3  
  70  5:35  Probe x2  
  78  5:42  Forge  
  78  5:43  Adept  
  78  5:48  Probe  
  81  5:50  Probe  
  81  5:55  Sentry x3  
  88  6:00  Probe  
  88  6:02  Probe  
  90  6:04  Sentry  
  90  6:07  Protoss Ground Weapons Level 1  
  92  6:12  Probe  
  92  6:14  Probe  
  94  6:22  Immortal  
  94  6:24  Probe  
  91  6:26  Stalker, Probe  
  91  6:27  Stalker x3, Probe  
  101  6:36  Probe  
  101  6:37  Blink  
  98  6:43  Probe  
  93  6:48  Probe  
  93  6:52  Sentry  
  93  6:53  Sentry, Stalker  
  93  6:54  Probe  
  99  6:55  Gateway x2, Probe  
  99  6:56  Immortal  
  99  7:00  Stalker, Probe  
  103  7:08  Probe x2  
  109  7:19  Pylon  
  109  7:22  Assimilator  
  109  7:23  Pylon  
  109  7:26  Pylon x2  
  109  7:27  Assimilator  
  109  7:30  Observer  
  109  7:31  Gateway x2  
  109  7:32  Pylon  
  109  7:37  Probe  
  111  7:39  Stalker x3  
  111  7:41  Stalker, Protoss Ground Weapons Level 2  
  119  7:48  Warp Prism  
  121  8:03  Stalker x3  
  121  8:04  Stalker x3  
  133  8:08  Pylon  
  133  8:18  Photon Cannon  
  133  8:27  Pylon  
  133  8:38  Probe  
  134  8:42  Stalker x6  
  134  8:43  Stalker x2  
  134  8:46  Pylon  
  144  9:06  Stalker  
  144  9:07  Stalker x7  
  160  9:10  Probe  
  160  9:11  Probe x2  
  160  9:16  Robotics Bay  
  161  9:29  Stalker x2, Pylon  
  161  9:30  Stalker x2  
  150  9:42  Probe  
  150  9:45  Stalker x4  
  137  9:46  Probe  
  137  9:53  Nexus  
  137  9:59  Colossus  
  137  10:01  Stalker x3  
  148  10:20  Extended Thermal Lance, Probe  
  149  10:27  Photon Cannon  
  149  10:36  Colossus  
  149  10:42  Sentry, Stalker x2, Zealot x2  
  153  10:43  Sentry x2  
  159  10:56  Probe  
  166  11:09  Probe  
  161  11:11  Stalker x5  
  161  11:12  Stalker x2  
  175  11:23  Zealot  
  177  11:31  Assimilator x2  
  183  11:34  Pylon  
  183  11:38  Zealot x5  
  189  11:43  Stalker  
  177  11:51  Probe x2  
  177  11:53  Probe  
  130  11:54  Probe  
  130  11:56  Stalker x2  
Show
View Real Time Build Order
Export as new Build Order

GOStephano Zerg - Winner!

Build Orders: Hatch First 

Get SALT Encoding   

  12  0:01  Drone  
  13  0:12  Overlord  
  13  0:17  Drone  
  14  0:30  Drone  
  15  0:40  Drone  
  16  0:48  Hatchery  
  15  0:52  Drone  
  15  0:56  Drone  
  17  0:59  Drone  
  18  1:10  Extractor  
  17  1:14  Spawning Pool  
  17  1:17  Drone  
  17  1:20  Drone  
  18  1:28  Drone  
  19  1:38  Drone  
  20  1:49  Drone  
  21  2:01  Queen x2  
  21  2:02  Zergling x4  
  27  2:10  Drone  
  27  2:11  Overlord  
  28  2:19  Metabolic Boost  
  28  2:28  Hatchery  
  27  2:32  Drone  
  27  2:34  Drone  
  29  2:40  Queen  
  29  2:43  Drone  
  32  2:47  Overlord  
  32  2:51  Drone  
  32  2:55  Overlord  
  33  3:02  Drone x2  
  35  3:09  Drone x2  
  35  3:11  Overlord  
  35  3:12  Drone  
  38  3:16  Drone  
  39  3:20  Queen  
  39  3:23  Drone  
  42  3:27  Overlord  
  42  3:30  Spore Crawler  
  42  3:31  Drone  
  42  3:37  Drone x3  
  45  3:42  Queen  
  45  3:44  Zergling x2  
  45  3:45  Zergling x2  
  49  3:49  Spore Crawler  
  49  3:50  Drone  
  49  3:53  Drone  
  50  3:56  Drone  
  50  3:58  Drone  
  50  3:59  Drone  
  53  4:04  Overlord, Spore Crawler  
  53  4:06  Zergling x4  
  54  4:10  Drone  
  54  4:12  Drone x2  
  54  4:14  Drone  
  58  4:19  Drone x2  
  58  4:20  Drone  
  58  4:22  Overlord  
  61  4:25  Overlord  
  61  4:31  Zergling x4  
  63  4:32  Drone  
  63  4:35  Drone x2  
  63  4:36  Zergling x2  
  63  4:37  Drone  
  65  4:39  Lair  
  65  4:40  Drone  
  65  4:43  Drone  
  67  4:47  Roach Warren  
  67  4:48  Extractor  
  67  4:49  Drone x2, Extractor  
  66  4:56  Drone x2  
  66  4:57  Drone  
  67  5:00  Drone x5  
  67  5:05  Drone  
  72  5:14  Zergling x4  
  73  5:15  Drone  
  73  5:18  Evolution Chamber, Overlord  
  73  5:23  Drone x3  
  73  5:28  Drone x2  
  78  5:30  Drone x3  
  78  5:32  Extractor  
  78  5:33  Extractor  
  79  5:40  Glial Reconstitution  
  79  5:41  Overlord  
  79  5:42  Drone x2  
  81  5:43  Hatchery  
  81  5:44  Zerg Melee Weapons Level 1  
  81  5:45  Baneling Nest  
  79  5:53  Drone x3  
  79  5:54  Drone, Spore Crawler x2  
  79  5:56  Extractor  
  80  5:58  Roach x8  
  95  6:07  Roach x3  
  101  6:11  Overlord  
  101  6:13  Roach x2  
  101  6:16  Overlord  
  100  6:25  Drone x7  
  99  6:30  Drone  
  98  6:35  Drone x3  
  98  6:39  Drone x2  
  100  6:41  Drone  
  100  6:45  Drone x3  
  104  6:51  Drone  
  105  6:59  Overlord  
  105  7:04  Overlord  
  105  7:07  Drone x6  
  109  7:20  Spore Crawler  
  109  7:21  Spore Crawler  
  109  7:22  Drone x5  
  112  7:26  Overlord  
  112  7:31  Spore Crawler  
  112  7:32  Drone  
  112  7:34  Overlord  
  112  7:36  Centrifical Hooks  
  112  7:39  Zergling x2  
  112  7:40  Zergling x16  
  120  7:52  Extractor x2  
  120  7:53  Zerg Melee Weapons Level 2  
  120  7:55  Zergling x18  
  126  8:04  Drone x4  
  126  8:05  Drone x2  
  128  8:12  Roach x3  
  132  8:21  Overlord  
  132  8:22  Baneling x9, Roach  
  132  8:23  Roach x4  
  142  8:30  Roach x5  
  142  8:31  Ravager x3  
  142  8:32  Ravager x2  
  157  8:35  Zergling x6  
  160  8:42  Baneling x8  
  160  8:43  Zergling x8  
  164  8:51  Zergling x8  
  164  8:52  Overlord x2  
  168  9:00  Zergling x16  
  165  9:03  Zergling x6  
  165  9:09  Roach x2  
  168  9:11  Baneling x10  
  168  9:12  Baneling x2, Zergling x6  
  168  9:13  Zergling x2  
  168  9:15  Zergling x2  
  167  9:24  Zergling x20  
  177  9:31  Infestation Pit  
  177  9:32  Zergling x8  
  177  9:37  Hatchery  
  164  9:38  Zergling x6  
  164  9:43  Roach  
  164  9:44  Roach x2  
  160  9:50  Baneling  
  160  9:51  Baneling x9  
  148  9:53  Zergling x18  
  157  10:00  Zergling x2  
  157  10:01  Zergling x8  
  157  10:03  Evolution Chamber  
  161  10:09  Baneling x13  
  161  10:10  Zergling x14, Zerg Ground Armor Level 1  
  168  10:17  Zergling x2  
  168  10:18  Zergling x2  
  168  10:21  Zergling x10  
  168  10:24  Overlord  
  168  10:28  Zergling x12  
  176  10:40  Zergling x14  
  173  10:51  Zergling x16  
  181  11:01  Zergling x16  
  179  11:15  Zergling x16, Spire  
  181  11:20  Baneling  
  181  11:21  Baneling x26  
  181  11:23  Zergling x10  
  186  11:33  Zergling x14  
  186  11:39  Zergling x12  
  188  11:41  Zergling x2  
Tags
 
Add a new tag
Caveats
  • Supply blocks, unpowered buildings, or Contaminate may cause inaccurate times.
  • Supply counts are checked every 10 seconds.